 Dungeon Crawl Stone Soup version 0.30.1-9-gdf580d7c3d (webtiles) character file.

Game seed: 16260174606612583775

97575 jeffwa1876 the Impaler (level 16, -3/156 HPs)
             Began as a Hill Orc Fighter on Oct 13, 2023.
             Was the Champion of the Shining One.
             Slain by a redback (6 damage)
             ... on level 4 of the Spider Nest on Oct 17, 2023.
             The game lasted 01:38:51 (18920 turns).

jeffwa1876 the Impaler (Hill Orc Fighter)          Turns: 18920, Time: 01:38:52

Health: -3/156     AC: 21    Str: 38    XL:     16   Next: 20%
Magic:  16/16      EV: 12    Int:  9    God:    the Shining One [******]
Gold:   2384       SH:  0    Dex: 22    Spells: 15/15 levels left

rFire   . . .        r - +7 glaive "Jilifol" {flame, *Slow rF+ Str+8 Dex+3}
rCold   + + +        (shield currently unavailable)
rNeg    + + +        U - +0 ice dragon scales
rPois   +            H - +0 helmet
rElec   .            k - +2 cloak
rCorr   .            S - +1 pair of gloves {Stlth+}
SInv    .            t - +2 pair of boots
Will    +....        i - amulet of regeneration
Stlth   +            n - ring "Goorraxa" {Fly rC+ Int+3 Dex+6}
HPRegen 1.26/turn    g - ring of poison resistance
MPRegen 0.15/turn

%: slow self (1%), clarity
@: marked, corroded, flying, glowing
A: agile 1, clarity, strong 1
a: Renounce Religion, Divine Shield, Cleansing Flame, Summon Divine Warrior,
Brand Weapon With Holy Wrath


You were on level 4 of the Spider Nest.
You worshipped the Shining One.
The Shining One was exalted by your worship.
You visited 4 branches of the dungeon, and saw 20 of its levels.

You collected 2384 gold pieces.

Inventory:

Hand Weapons
 a - a +2 war axe of flaming
 d - a +0 heavy flail
 r - the +7 glaive "Jilifol" (weapon) {flame, *Slow rF+ Str+8 Dex+3}
   (You found it on level 8 of the Dungeon)

   Str:       It affects your strength (+8).
   Dex:       It affects your dexterity (+3).
   rF:        It protects you from fire.
   *Slow:     It may slow you when you take damage.
 T - the +11 Singing Sword {sonic wave}
   (You found it on level 2 of the Spider Nest)
Armour
 c - a +0 buckler
 k - a +2 cloak (worn)
 t - a +2 pair of boots (worn)
 C - an orb of mayhem
 H - a +0 helmet (worn)
 S - a +1 pair of gloves of stealth (worn)
 U - +0 ice dragon scales (worn)
Magical Staves
 z - a staff of air
Jewellery
 g - a ring of poison resistance (right hand)
 h - an amulet of guardian spirit
 i - an amulet of regeneration (around neck)
 n - the ring "Goorraxa" (left hand) {Fly rC+ Int+3 Dex+6}
   (You found it on level 4 of the Dungeon)

   [ring of dexterity]

   Int:       It affects your intelligence (+3).
   Dex:       It affects your dexterity (+6).
   rC:        It protects you from cold.
   Fly:       It grants you flight.
 v - an amulet of magic regeneration
 A - a +4 ring of slaying
 E - a ring of wizardry
Wands
 e - a wand of acid (9)
 x - a wand of charming (19)
 y - a wand of iceblast (10)
 B - a wand of polymorph (17)
 I - a wand of digging (5)
 J - a wand of flame (16)
Scrolls
 b - 7 scrolls of teleportation
 f - 15 scrolls of identify
 j - a scroll of immolation
 s - 2 scrolls of noise
 u - a scroll of butterflies
 w - a scroll of fog
 D - a scroll of enchant weapon
 K - 2 scrolls of magic mapping
 M - a scroll of amnesia
 N - a scroll of enchant armour
 O - a scroll of fear
 P - a scroll of blinking
 R - 2 scrolls of poison
Potions
 l - 4 potions of flight
 m - 4 potions of brilliance
 o - 3 potions of ambrosia
 q - 18 potions of curing
 F - a potion of berserk rage
 G - 3 potions of might
 Q - a potion of invisibility
Miscellaneous
 p - a lightning rod (4/4)


   Skills:
 * Level 17.6 Fighting
 - Level 0.8 Long Blades
 - Level 15.9(21.1) Axes
 + Level 19.3(20.8) Polearms
 + Level 12.0 Armour
 + Level 2.9 Dodging
 + Level 0.9 Stealth
 + Level 5.3 Shields
 + Level 0.4 Evocations


You had 15 spell levels left.
You didn't know any spells.
Your spell library contained the following spells:

 Spells                   Type           Power      Damage    Failure   Level
 Foxfire                  Conj/Fire      0%         2x1d4     56%         1
 Call Canine Familiar     Summ           0%         N/A       91%         3
 Frozen Ramparts          Ice            0%         1d1       91%         3
 Ignite Poison            Fire/Tmut/Pois 0%         N/A       91%         3
 Portal Projectile        Hex/Tloc       0%         N/A       91%         3
 Tukima's Dance           Hex            0%         N/A       91%         3
 Ice Form                 Ice/Tmut       0%         N/A       100%        4
 Leda's Liquefaction      Hex/Erth       0%         N/A       100%        4
 Petrify                  Tmut/Erth      0%         N/A       100%        4
 Sticky Flame             Conj/Fire      0%         2d3       100%        4
 Summon Ice Beast         Ice/Summ       0%         N/A       100%        4
 Blade Hands              Tmut           0%         N/A       100%        5
 Fireball                 Conj/Fire      0%         3d3       100%        5
 Metabolic Englaciation   Hex/Ice        0%         N/A       100%        5
 Summon Forest            Summ/Tloc      0%         N/A       100%        5
 Summon Mana Viper        Hex/Summ       0%         N/A       100%        5
 Plasma Beam              Fire/Air       0%         2x1d11    100%        6
 Starburst                Conj/Fire      0%         6d3       100%        6
 Statue Form              Tmut/Erth      0%         N/A       100%        6
 Summon Cactus Giant      Summ           0%         N/A       100%        6
 Ignition                 Fire           0%         3d3       100%        8


Dungeon Overview and Level Annotations

Branches:
Dungeon (10/15)            Temple (1/1) D:5            Lair (5/5) D:10
 Shoals (0/4) Lair:3       Spider (4/4) Lair:2        Slime (0/5) Lair:5
    Orc: D:9-12

Altars:
Ashenzari
Cheibriados
Dithmenos
Elyvilon
Fedhas
Gozag
Hepliaklqana
Kikubaaqudgha
Makhleb
Nemelex Xobeh
Okawaru
Qazlal
Ru
Sif Muna
Trog
Uskayaw
Vehumet
Wu Jian
Xom
Yredelemnul
Zin
The Shining One

Portals:
Hell: Lair:5

Annotations:
Lair:4 exclusion: oklob plant
Lair:5 exclusion: ice statue


Innate Abilities, Weirdness & Mutations

You are agile. (Dex +4, Str/Int -1)
You possess an exceptional clarity of mind.
Your muscles are strong. (Str +4, Int/Dex -1)


Message History

You barely miss the redback.
The redback bites you but does no damage.
The redback bites you! x2
You slice the redback!! You burn the redback!
You kill the redback!
Your surroundings seem slightly different.
The demonic crawler hits you but does no damage.
The demonic crawler misses you. The demonic crawler hits you.
The moth of wrath goads the redback on!
The redback goes berserk!
The redback bites you but does no damage.
The demonic crawler closely misses you. x2
The demonic crawler barely misses you.
You hit the demonic crawler but do no damage.
The redback bites you but does no damage.
The demonic crawler hits you!
* * * LOW HITPOINT WARNING * * *
The demonic crawler barely misses you. The demonic crawler hits you.
* * * LOW HITPOINT WARNING * * *
The redback bites you!
* * * LOW HITPOINT WARNING * * *
The redback bites you!
* * * LOW HITPOINT WARNING * * *
It was a potion of magic.
Magic courses through your body. The redback bites you!
* * * LOW HITPOINT WARNING * * *
The redback closely misses you.
The demonic crawler hits you but does no damage. x3
The redback bites you but does no damage.
The moth of wrath goads the redback on!
The redback goes berserk!
The redback bites you!
* * * LOW HITPOINT WARNING * * *
The redback bites you! The Shining One protects you from harm!
The demonic crawler hits you but does no damage.
The demonic crawler closely misses you. The demonic crawler barely misses you.
The redback bites you but does no damage.
There are monsters nearby!
There's nothing to close nearby.
The redback attacks as you move away! The redback bites you.
You die...

[. #.... y..
#...^
#####yw
#.#.. #####
.....s.
###..
#.^..##^..y#
#....
#..........#
#....
#.......Bs.#
#....
#^.^...sss.#
##<..
#.....†s@..#
#...
#......s..##
#...
#.........#
#...
##.......##
#...
##.#^..^#
^...
###...^#
..^.# #....#
..## #...^#
######


You could see an entropy weaver, a steelbarb worm, a spark wasp, a demonic
crawler (berserk), 2 moths of wrath and 6 redbacks.

Vanquished Creatures
  Mlioglotl (Spider:1)
  A sphinx (Spider:2)
  Roxanne (Spider:2)
  3 emperor scorpions
  Aizul (Spider:1)
  The ghost of foxicus the Severer, a journeyman HOFi of Beogh (Lair:5)
  A broodmother (Spider:4)
  Azrael (Spider:1)
  A spark wasp (Spider:2)
  4 hydras
  Erolcha (D:10)
  2 catoblepae
  2 boulder beetles
  A jorogumo (Spider:3)
  A two-headed ogre (D:10)
  2 centaur warriors (D:8)
  4 death yaks (Lair:5)
  2 radroaches
  6 pharaoh ants
  A sixfirhy (Lair:5)
  4 skysharks
  6 orb spiders
  A wizard (Lair:5)
  2 harpies (Lair:3)
  6 steelbarb worms
  15 wolf spiders
  A manticore (D:8)
  2 moths of wrath
  17 elephants
  2 orange demons (Lair:5)
  4 black mambas
  Joseph (Lair:1)
  5 torpor snails
  5 demonic crawlers
  13 cane toads
  2 kobold demonologists (D:9)
  8 komodo dragons
  A yaktaur (D:8)
  6 rime drakes
  3 ice devils (Lair:5)
  3 polar bears
  A hellwing (Lair:5)
  A troll (D:10)
  A red devil (Lair:5)
  Prince Ribbit (D:7)
  3 meliai (Spider:3)
  A hornet (D:7)
  Grinder (D:3)
  3 dream sheep (Lair:5)
  23 tarantellas
  18 jumping spiders
  12 blink frogs
  11 culicivoras
  45 yaks
  10 wyverns
  2 fire elementals
  4 basilisks
  2 steam dragons
  38 redbacks
  Menkaure (D:6)
  An acid dragon (D:9)
  13 water moccasins
  8 hell hounds
  A sky beast (D:7)
  7 ice beasts
  4 orc warriors
  3 black bears
  23 wolves
  2 ogres
  A phantom (D:6)
  2 boggarts (D:8)
  A centaur (D:6)
  3 kobold brigands
  Blork the orc (D:4)
  17 bullfrogs
  3 scorpions
  A water moccasin zombie (D:7)
  11 wights
  2 howler monkeys
  3 electric eels
  A jelly (D:4)
  A lava snake (Lair:3)
  3 centaur zombies (D:7)
  Crazy Yiuf (D:3)
  2 gnoll boudas
  2 hounds
  3 iguanas (D:5)
  4 orc priests
  2 sleepcaps
  3 orc wizards
  Terence (D:3)
  A killer bee zombie (D:7)
  3 howler monkey zombies (D:7)
  16 gnolls
  9 adders
  A shadow imp (D:7)
  2 white imps
  2 worms
  6 dart slugs
  21 orcs
  4 bats
  8 endoplasms
  3 giant cockroaches
  7 hobgoblins
  2 jackals (D:3)
  24 kobolds
  5 quokkas
  5 ball pythons
  4 frilled lizards
  5 goblins
  4 rats
584 creatures vanquished.

Vanquished Creatures (collateral kills)
  A redback (Spider:2)
1 creature vanquished.

Vanquished Creatures (others)
  A redback (Spider:2)
  A butterfly (D:4)
2 creatures vanquished.

Grand Total: 587 creatures vanquished

Notes
Turn   | Place    | Note
-------+----------+-------------------------------------------
     0 | D:1      | jeffwa1876 the Hill Orc Fighter began the quest for the
                  | Orb.
     0 | D:1      | Reached XP level 1. HP: 19/19 MP: 1/1
    59 | D:1      | Reached XP level 2. HP: 27/27 MP: 2/2
   408 | D:1      | Reached XP level 3. HP: 33/33 MP: 3/3
   697 | D:2      | Gained mutation: You expend magic power (3 MP) to
                  | strengthen your wands. [potion of mutation]
   697 | D:2      | Gained mutation: You are dopey. (Int -2) [potion of
                  | mutation]
   898 | D:2      | Reached XP level 4. HP: 13/41 MP: 4/4
  1144 | D:2      | Identified the +7 hand axe "Umiharour" {heavy, Contam rElec
                  | Will+++ Str+2}
  1436 | D:3      | Noticed Terence
  1443 | D:3      | Killed Terence
  1444 | D:3      | Reached skill level 5 in Axes
  1444 | D:3      | Reached XP level 5. HP: 46/47 MP: 5/5
  1874 | D:3      | Noticed Grinder
  1881 | D:3      | Paralysed by Grinder for 4 turns
  1893 | D:3      | Paralysed by Grinder for 3 turns
  1901 | D:3      | Killed Grinder
  1902 | D:3      | Reached skill level 5 in Fighting
  1902 | D:3      | Reached XP level 6. HP: 24/56 MP: 6/6
  2163 | D:3      | Found a runed translucent door.
  2164 | D:3      | Noticed Crazy Yiuf
  2171 | D:3      | Killed Crazy Yiuf
  2387 | D:4      | Noticed a black bear
  2398 | D:4      | Killed a black bear
  2399 | D:4      | Reached XP level 7. HP: 23/61 MP: 7/7
  2766 | D:4      | Noticed Blork the orc
  2776 | D:4      | Killed Blork the orc
  2777 | D:4      | Found a white marble altar of Elyvilon.
  2910 | D:4      | Reached skill level 5 in Armour
  3155 | D:4      | Found a shimmering altar of Xom.
  3161 | D:4      | Reached XP level 8. HP: 70/70 MP: 8/8
  3534 | D:4      | Identified the ring "Goorraxa" {Fly rC+ Int+3 Dex+6}
  3699 | D:5      | Entered Level 5 of the Dungeon
  3746 | D:5      | Lost mutation: You are dopey. (Int -2) [potion of mutation]
  3746 | D:5      | Lost mutation: You expend magic power (3 MP) to strengthen
                  | your wands. [potion of mutation]
  3746 | D:5      | Gained mutation: Your muscles are strong. (Str +4, Int/Dex
                  | -1) [potion of mutation]
  3824 | D:5      | Reached skill level 1 in Dodging
  3923 | D:5      | Reached skill level 10 in Axes
  4056 | D:5      | Found a staircase to the Ecumenical Temple.
  4286 | Temple   | Entered the Ecumenical Temple
  4383 | Temple   | Became a worshipper of the Shining One
  4619 | D:6      | Reached XP level 9. HP: 78/79 MP: 9/9
  4859 | D:6      | Noticed Menkaure
  4866 | D:6      | Killed Menkaure
  4876 | D:7      | Noticed Prince Ribbit
  4925 | D:7      | Killed Prince Ribbit
  4984 | D:7      | Noticed a hornet
  4996 | D:7      | Killed a hornet
  5139 | D:7      | Found a basalt altar of Yredelemnul.
  5156 | D:7      | Reached * piety under the Shining One
  5425 | D:6      | Found a snail-covered altar of Cheibriados.
  5425 | D:6      | Found a hazy altar of Hepliaklqana.
  5691 | D:7      | Reached XP level 10. HP: 89/90 MP: 10/10
  5765 | D:7      | Found an ancient bone altar of Kikubaaqudgha.
  5765 | D:7      | Reached ** piety under the Shining One
  6109 | D:7      | Found an ancient bone altar of Kikubaaqudgha.
  6574 | D:8      | Noticed a manticore
  6574 | D:8      | Noticed a seven-headed hydra
  6575 | D:8      | Found a runed translucent door.
  6577 | D:8      | Noticed a centaur warrior
  6577 | D:8      | Noticed a centaur warrior
  6595 | D:8      | Killed a one-headed hydra
  6596 | D:8      | Reached skill level 10 in Fighting
  6596 | D:8      | Reached skill level 15 in Axes
  6601 | D:8      | Killed a centaur warrior
  6602 | D:8      | Reached skill level 5 in Shields
  6602 | D:8      | Reached XP level 11. HP: 53/100 MP: 11/11
  6605 | D:8      | Killed a centaur warrior
  6614 | D:8      | Killed a manticore
  6617 | D:8      | Identified the +7 glaive "Jilifol" {flame, *Slow rF+ Str+8
                  | Dex+3}
  6618 | D:8      | Identified the +2 leather armour of the Crypt {Harm rN+}
  6819 | D:9      | Reached *** piety under the Shining One
  6860 | D:9      | Reached skill level 1 in Polearms
  7387 | D:9      | Reached skill level 2 in Polearms
  7400 | D:9      | Found the +6 shillelagh "Devastator" {shatter}
  7525 | D:10     | Entered Level 10 of the Dungeon
  7542 | D:10     | Identified the +0 chain mail "Josyplaj" {Int+6}
  7593 | D:10     | Noticed a two-headed ogre
  7597 | D:10     | Killed a two-headed ogre
  7598 | D:10     | Reached skill level 3 in Polearms
  7746 | D:10     | Reached skill level 4 in Polearms
  7783 | D:10     | Noticed Erolcha
  7788 | D:10     | Killed Erolcha
  7789 | D:10     | Reached skill level 5 in Polearms
  7995 | D:10     | Found a staircase to the Lair.
  8130 | Lair:1   | Entered Level 1 of the Lair of Beasts
  8216 | Lair:1   | Noticed Joseph
  8221 | Lair:1   | Reached skill level 6 in Polearms
  8234 | Lair:1   | Killed Joseph
  8268 | Lair:1   | Reached skill level 7 in Polearms
  8327 | Lair:1   | Reached XP level 12. HP: 112/112 MP: 12/12
  8473 | Lair:1   | Identified a scroll of acquirement
  8473 | Lair:1   | Acquired 586 gold pieces
  8947 | Lair:1   | Reached skill level 8 in Polearms
  9064 | Lair:2   | Reached skill level 9 in Polearms
  9126 | Lair:2   | Found a hole to the Spider Nest.
  9394 | Lair:2   | Noticed a four-headed hydra
  9400 | Lair:2   | Killed a one-headed hydra
  9401 | Lair:2   | Reached skill level 10 in Polearms
  9635 | Lair:2   | Noticed a five-headed hydra
  9639 | Lair:2   | Killed a two-headed hydra
  9650 | Lair:2   | Identified the +1 robe of Xityr {rF+ Dex+4}
 10579 | Lair:3   | Reached skill level 11 in Polearms
 10723 | Lair:3   | Reached **** piety under the Shining One
 10734 | Lair:3   | Reached XP level 13. HP: 119/119 MP: 13/13
 10799 | Lair:3   | Reached skill level 12 in Polearms
 10799 | Lair:3   | Lost mutation: Your muscles are strong. (Str +4, Int/Dex
                  | -1) [potion of mutation]
 10799 | Lair:3   | Gained mutation: Your muscles are strong. (Str +4, Int/Dex
                  | -1) [potion of mutation]
 10799 | Lair:3   | Gained mutation: You are agile. (Dex +4, Str/Int -1)
                  | [potion of mutation]
 10799 | Lair:3   | Gained mutation: You possess an exceptional clarity of
                  | mind. [potion of mutation]
 10869 | Lair:3   | You are sucked into a shaft and drop 2 floors!
 10869 | Lair:5   | Entered Level 5 of the Lair of Beasts
 11177 | Lair:3   | Found a staircase to the Shoals.
 11182 | Lair:3   | Reached skill level 13 in Polearms
 11847 | Lair:4   | Reached skill level 14 in Polearms
 12485 | Lair:4   | Found a blossoming altar of Fedhas.
 12638 | Lair:5   | Reached ***** piety under the Shining One
 12714 | Lair:5   | Reached skill level 15 in Polearms
 12737 | Lair:5   | Reached XP level 14. HP: 132/132 MP: 14/14
 12781 | Lair:5   | Found a staircase to the Slime Pits.
 12914 | Lair:5   | Reached skill level 10 in Armour
 13233 | Lair:5   | Reached skill level 16 in Polearms
 13360 | Lair:5   | Found a burning altar of Makhleb.
 13446 | Lair:5   | Found a gateway to Hell.
 13541 | Lair:5   | Found a runed translucent door.
 13546 | Lair:5   | Noticed foxicus's ghost (journeyman HOFi)
 13823 | Lair:5   | Killed foxicus's ghost
 14333 | Spider:1 | Entered Level 1 of the Spider Nest
 14456 | Spider:1 | Noticed Aizul
 14467 | Spider:1 | Killed Aizul
 14468 | Spider:1 | Reached skill level 15 in Fighting
 14773 | Spider:1 | Reached skill level 17 in Polearms
 15006 | Spider:1 | Reached ****** piety under the Shining One
 15015 | Spider:1 | Reached XP level 15. HP: 130/141 MP: 15/15
 15159 | Spider:1 | Noticed Azrael
 15173 | Spider:1 | Killed Azrael
 15265 | Spider:1 | Noticed Mlioglotl
 15272 | Spider:1 | Noticed a tentacled starspawn
 15275 | Spider:1 | Killed Mlioglotl
 15281 | Spider:1 | Reached skill level 18 in Polearms
 16112 | Spider:2 | Found the +11 Singing Sword {sonic wave}
 16179 | Spider:2 | Noticed Arachne
 16559 | Spider:2 | Noticed an emperor scorpion
 16568 | Spider:2 | Killed an emperor scorpion
 16706 | Spider:2 | Arachne changed into Arachne the sphinx
 16706 | Spider:2 | Noticed Arachne
 17547 | Spider:2 | Killed Arachne the sphinx
 17837 | Spider:2 | Noticed Roxanne
 17850 | Spider:2 | Killed Roxanne
 18275 | Spider:3 | Reached skill level 19 in Polearms
 18330 | Spider:3 | Noticed an emperor scorpion
 18332 | Spider:3 | Reached XP level 16. HP: 124/155 MP: 16/16
 18844 | Spider:4 | Entered Level 4 of the Spider Nest
 18919 | Spider:4 | HP: 3/156 [redback (11)]
 18919 | Spider:4 | The Shining One protects you from harm!
 18920 | Spider:4 | Slain by a redback

Illustrated notes

Levels and vault maps discovered:
D:1:      sevenhm_arrival_forest_fort_large_2, layout_rooms
D:2:      layout_rooms
D:3:      layout_rooms, uniq_crazy_yiuf_cottage, uniq_terence, uniq_grinder
D:4:      layout_basic, mainiacjoe_overflow_surrounded_room,
          nicolae_elyvilon_peaceful_grove, kennysheep_windowed_goal,
          uniq_blork_the_orc
D:5:      layout_rooms, minmay_temple_entry_nine_rooms, serial_bayou_ford_a,
          chequers_serial_rivers_micro_d, solitary_fountain
D:6:      layout_cave_pods, jmf_multi_god_temple, minmay_misc_feat_more_columns,
          uniq_menkaure
D:7:      layout_loops_cross, nicolae_yredelemnul_corpse_copse,
          kiku_gazebo_garden_becter, kennysheep_small_circle,
          uniq_prince_ribbit1
D:8:      minmay_gate_of_8, layout_rooms
D:9:      layout_stronghold
D:10:     layout_loops_cross, lair_entry_dummy, uniq_erolcha
Temple:   regret_index_temple_sphere_string
Lair:1:   layout_loops_ring, grunt_megastairs_2, uniq_joseph
Lair:2:   cheibrodos_lair_river_kwai, layout_gridlike,
          spider_nest_entry_web_field, grunt_megastairs_1, serial_bayou_shore_a
Lair:3:   layout_gridlike, nicolae_shoals_entry_roost,
          chequers_serial_rivers_large_a, beast_lair_carwin_8
Lair:4:   layout_regular_city, hangedman_tree_tricks
Lair:5:   evil_forest, layout_concentric_octagons, slime_entry_1,
          gammafunk_ghost_grave, st_stairs_4, ice2_lemuel
Spider:1: layout_spider_delve, uniq_azrael, uniq_aizul, uniq_mlioglotl
Spider:2: layout_chambers, uniq_roxanne, uniq_arachne
Spider:3: layout_spider_delve, nicolae_spider_cling_halls
Spider:4: guppyfry_spider_rune

Skill      XL: |  1  2  3  4  5  6  7  8  9 10 11 12 13 14 15 16 |
---------------+-------------------------------------------------+-----
Axes           | 3 5 6 7 8 11 13 15 | 15.9
Fighting       | 4 5 7 8 10 11 12 14 15 17 | 17.6
Armour         | 4 5 6 7 8 9 10 11 12 | 12.0
Dodging        | 1 2 |  2.9
Shields        | 4 5 |  5.3
Polearms       | 7 11 15 17 19 | 19.3
Long Blades    | |  0.8
Stealth        | |  0.9
Evocations     | |  0.4

Action                     |  1- 3 |  4- 6 |  7- 9 | 10-12 | 13-15 | 16-18 || total
---------------------------+-------+-------+-------+-------+-------+-------++-------
  Melee: War axe           |    66 |   123 |   254 |   102 |       |       ||   545
         Glaive            |       |       |       |   220 |   735 |    62 ||  1017
         Double sword      |       |       |       |       |    20 |       ||    20
  Evoke: Wand              |       |     1 |       |     3 |     6 |       ||    10
    Use: Potion            |     3 |     4 |     5 |     5 |     4 |     1 ||    22
         Scroll            |     2 |     7 |     3 |    10 |     2 |     2 ||    26
 Armour: Scale mail        |    10 |       |       |       |       |       ||    10
         Chain mail        |    25 |    66 |   115 |    50 |       |       ||   256
         Plate armour      |       |       |       |   117 |   512 |       ||   629
         Steam dragon scal |       |       |       |     2 |       |       ||     2
         Ice dragon scales |       |       |       |       |    10 |    66 ||    76
  Dodge: Dodged            |    25 |    34 |    94 |   137 |   344 |    59 ||   693
  Block: Buckler           |    14 |    20 |    57 |    28 |       |       ||   119
